 Dungeon Crawl Stone Soup version 0.26.1-11-gd32895ea62 (webtiles) character file.

Game seed: 2681649790756369300

198 Almogavar the Slasher (level 5, 0/47 HPs)
             Began as a Minotaur Fighter on Apr 15, 2021.
             Killed by divine providence
             ... invoked by an orc priest
              (14 damage)
             ... on level 3 of the Dungeon.
             The game lasted 00:04:55 (1948 turns).

Almogavar the Slasher (Minotaur Fighter)            Turns: 1948, Time: 00:04:57

Health: 0/47       AC:  7    Str: 22    XL:     5   Next: 47%
Magic:  4/4        EV:  8    Int:  5    God:
Gold:   141        SH:  9    Dex:  9    Spells: 4/4 levels left

rFire    . . .     SeeInvis .   a - +0 long sword
rCold    . . .     Faith    .   c - +0 kite shield
rNeg     . . .     Spirit   .   b - +0 scale mail
rPois    .         Reflect  .   (helmet restricted)
rElec    .         Harm     .   (no cloak)
rCorr    +         Rampage  .   (no gloves)
Will     +....                  (no boots)
Stlth    ..........             j - amulet of magic regeneration
HPRegen  0.15/turn              k - ring of willpower
MPRegen  0.34/turn              p - ring of resist corrosion

@: no status effects
A: retaliatory headbutt, horns 2
a: no special abilities


You were on level 3 of the Dungeon.
You visited 1 branch of the dungeon, and saw 3 of its levels.

You collected 141 gold pieces.

Inventory:

Hand Weapons
 a - a +0 long sword (weapon)
Missiles
 h - 11 poisoned darts (quivered)
 i - 4 curare-tipped darts
 l - 7 boomerangs
Armour
 b - a +0 scale mail (worn)
 c - a +0 kite shield (worn)
 f - a +0 chain mail
Jewellery
 j - an amulet of magic regeneration (around neck)
 k - a ring of willpower (left hand)
 p - a ring of resist corrosion (right hand)
Scrolls
 g - a scroll of identify {unknown}
 m - a scroll of fog {unknown}
 n - a scroll of immolation {unknown}
Potions
 d - a potion of might
 e - a potion of degeneration {unknown}
 o - a potion of curing {unknown}


   Skills:
 + Level 4.4 Fighting
 + Level 4.7 Long Blades
 + Level 4.5 Armour
 + Level 1.2 Dodging
 + Level 0.1 Stealth
 + Level 4.6 Shields


You had 4 spell levels left.
You didn't know any spells.
Your spell library contained the following spells:

 Spells                   Type           Power        Failure   Level
 Confusing Touch          Hex            0%           100%        3
 Gell's Gravitas          Tloc           0%           100%        3
 Petrify                  Tmut/Erth      0%           100%        4
 Metabolic Englaciation   Hex/Ice        0%           100%        5
 Yara's Violent Unravell  Hex/Tmut       0%           100%        5


Dungeon Overview and Level Annotations

Branches:
Dungeon (3/15)

Altars:
Cheibriados
Ru


Innate Abilities, Weirdness & Mutations

You reflexively headbutt those who attack you in melee.
You have a pair of horns on your head.


Message History

You barely miss the orc wizard.
The orc wizard is severely wounded.
The orc priest calls upon Beogh to heal the orc wizard.
The orc wizard is healed somewhat.
The orc wizard hits you with a +0 dagger.
* * * LOW HITPOINT WARNING * * *
You closely miss the orc wizard. You headbutt the orc wizard!
The orc wizard is almost dead.
You block the orc wizard's attack.
You closely miss the orc wizard.
You headbutt the orc wizard, but do no damage.
The orc wizard is almost dead.
You block the orc wizard's attack.
You slash the orc wizard!
You kill the orc wizard!
The orc priest calls down the wrath of Beogh upon you.
You resist with some effort.
The orc priest invokes the aid of Beogh against you.
Beogh smites you!
You die...

###....#.# ####.#.# #.#.# #.#.#
#.#.# #.#.# #.#.# #########
#########.#.###########........
....>...........@r....'..>.....
###########.######o#.##........
..........#.# #....†........
#########.#.########'##........
#########)#.#.........#........
........#.#.#.....o...#........
..........#.#.........#........
#######.###.#........o#.......#
######..##.'...).....+.......#


You could see an orc priest and a rat.

Vanquished Creatures
  An orc priest (D:3)
  2 orc wizards
  Natasha (D:2)
  2 adders
  An ooze (D:1)
  4 worms (D:2)
  2 dart slugs
  A leopard gecko (D:2)
  An orc (D:3)
  5 ball pythons
  4 bats
  5 giant cockroaches
  10 hobgoblins
  8 jackals
  8 kobolds
  A quokka (D:3)
  3 frilled lizards
  9 goblins
  7 rats
75 creatures vanquished.

Notes
Turn   | Place    | Note
-------+----------+-------------------------------------------
     0 | D:1      | Almogavar the Minotaur Fighter began the quest for the Orb.
     0 | D:1      | Reached XP level 1. HP: 19/19 MP: 0/0
    40 | D:1      | Reached XP level 2. HP: 27/27 MP: 1/1
   416 | D:1      | Reached XP level 3. HP: 32/32 MP: 2/2
  1119 | D:2      | Found a snail-covered altar of Cheibriados.
  1169 | D:2      | Found a sacrificial altar of Ru.
  1176 | D:2      | Reached XP level 4. HP: 40/40 MP: 3/3
  1234 | D:2      | Reached skill level 1 in Dodging
  1318 | D:2      | Noticed Natasha
  1320 | D:2      | Killed Natasha
  1580 | D:2      | Reached XP level 5. HP: 36/46 MP: 4/4
  1948 | D:3      | Killed from afar by an orc priest

Illustrated notes

Levels and vault maps discovered:
D:1:      dpeg_arrival_morbid_curiosity, layout_loops_ring
D:2:      layout_rooms, nicolae_overflow_hidden_temple,
          nicolae_ru_great_annihilating_truth, uniq_natasha
D:3:      layout_basic, yredelemnul_forgotten_temple_becter,
          nicolae_tso_swordbearing_angel, minmay_goblin_kobold_house,
          uniq_crazy_yiuf_cottage

Skill      XL: |  1  2  3  4 |
---------------+-------------+-----
Shields        | 4 |  4.6
Armour         | 4 |  4.5
Fighting       | 4 |  4.4
Long Blades    | 3 4 |  4.7
Dodging        | 1 |  1.2
Stealth        | |  0.1

Action                   |  1- 3 |  4- 6 || total
-------------------------+-------+-------++-------
Melee: Long sword        |    94 |    92 ||   186
       Headbutt          |    13 |    17 ||    30
 Stab: Paralysed         |     1 |       ||     1
Armor: Scale mail        |    40 |    34 ||    74
Dodge: Dodged            |    23 |    23 ||    46
Block: Kite shield       |    54 |    45 ||    99
       Rpst.: Long sword |     5 |     9 ||    14
